 Dungeon Crawl Stone Soup version 0.18.1-5-g4a78601 (webtiles) character file.

2921 Ijustatesigmund the Grappler (level 9, -2/139 HPs)
             Began as a Troll Hunter on May 13, 2016.
             Slain by an orc warrior
             ... wielding a +0 glaive
              (9 damage)
             ... on level 7 of the Dungeon.
             The game lasted 00:16:00 (6283 turns).

Ijustatesigmund the Grappler (Troll Hunter)         Turns: 6283, Time: 00:16:01

Health: -2/139     AC:  7    Str: 27    XL:     9   Next: 50%
Magic:  0/8        EV: 10    Int:  7    God:
Gold:   274        SH:  0    Dex: 13    Spells: 0 memorised, 8 levels left

rFire  . . .     SeeInvis .       - Unarmed
rCold  + . .     Gourm    +     b - +1 robe
rNeg   . . .     Faith    .     (no shield)
rPois  .         Spirit   +     (helmet restricted)
rElec  .         Dismiss  .     (no cloak)
rCorr  .         Reflect  .     (gloves unavailable)
SustAt .         Harm     .     (boots unavailable)
MR     .....                    v - amulet of guardian spirit
Stlth  ..........               i - ring of protection from cold
                                u - +1 ring of protection

@: berserking, very quick, not resistant to hostile enchantments, extremely
unstealthy
A: unfitting armour, claws 3, fast metabolism 3, gourmand, regeneration 2,
shaggy fur 1, tough skin 2
a: no special abilities


You were on level 7 of the Dungeon.
You were not hungry.

You visited 2 branches of the dungeon, and saw 9 of its levels.

You collected 274 gold pieces.

Inventory:

Missiles
 c - a large rock (quivered)
 d - 3 throwing nets
 n - 7 poisoned tomahawks
Armour
 b - a +1 robe (worn)
Jewellery
 a - an uncursed ring of sustain attributes
 i - a ring of protection from cold (right claw)
 t - an uncursed ring of poison resistance
 u - a +1 ring of protection (left claw)
 v - an amulet of guardian spirit (around neck)
Wands
 k - a wand of teleportation (2/9)
 x - a wand of flame (22/48)
 A - a wand of digging (12/24)
 E - a wand of iceblast (5/15)
 G - a wand of teleportation (4/9)
Scrolls
 h - 2 scrolls of fear
 j - 2 scrolls of enchant armour
 w - 2 scrolls of magic mapping
 y - 2 scrolls of remove curse
 B - a scroll of recharging {unknown}
 C - a scroll of identify
Potions
 e - 8 potions of curing
 g - a potion of lignification
 l - 2 potions of mutation
 m - a potion of flight
 p - a potion of cancellation
 s - a potion of magic
Books
 D - a book of Summonings

   Spells                             Type                      Level
   a - Recall                         Summoning/Translocation      3
   b - Aura of Abjuration             Summoning                    5
   c - Summon Demon                   Summoning                    5
   d - Summon Forest                  Summoning/Translocation      5
   e - Summon Mana Viper              Hexes/Summoning              5
   f - Shadow Creatures               Summoning                    6
Comestibles
 f - 8 bread rations
 o - 4 fruits
 q - 3 meat rations
 r - 9 slices of pizza
 z - 3 beef jerkies


   Skills:
 + Level 7.6 Fighting
 - Level 5.0 Throwing
 - Level 1.5 Dodging
 - Level 0.4 Stealth
 * Level 9.0 Unarmed Combat


You had 8 spell levels left.
You didn't know any spells.

Dungeon Overview and Level Annotations

Branches:
Dungeon (8/15)             Temple (1/1) D:5
   Lair: D:8-11

Altars:
Ashenzari
Cheibriados
Dithmenos
Elyvilon
Fedhas
Kikubaaqudgha
Makhleb
Nemelex Xobeh
Okawaru
Pakellas
Qazlal
Ru
Sif Muna
Trog
Vehumet
Xom
Yredelemnul
Zin
The Shining One

Shops:
D:4 (

Annotations:
D:8 zkyp's ghost, novice FoVM


Innate Abilities, Weirdness & Mutations

You are too large for most types of armour.
You have claws for hands.
Your metabolism is lightning-fast.
You like to eat raw meat.
You heal very quickly.
You are covered in fur (AC +1).
You have very tough skin (AC +2).


Message History

The large rock hits the orc warrior!
The orc warrior is heavily wounded.
The orc warrior misses you.
An orc priest comes into view. It is wielding a flail.
Drink which item? (? for menu, Esc to quit)
A red film seems to cover your vision as you go berserk!
You feel yourself moving faster!
You feel mighty!
The orc priest shouts!
The orc warrior hits you from afar with a glaive!!
* * * LOW HITPOINT WARNING * * *
You feel a strong urge to attack something.
An orc wizard comes into view. It is wielding a dagger.
The orc warrior hits you with a glaive!
* * * LOW HITPOINT WARNING * * *
You closely miss the orc warrior.
The orc warrior is heavily wounded.
You barely miss the orc warrior.
The orc warrior is heavily wounded.
The orc warrior hits you with a glaive!
You die...

###.####.####..........#######
#...........########.#......
########(.#.########.#......
##o#.#......#.#......
#o#.#......#.#...... #####
###(.........#.#...... ....#
#.....#.######.####... ....#
#...oo#.# #......... ....#
#...รท@#.# #......... ....#
#....>..# #.......## ....#
#.......# #.......## ....#
#.......# #.......## ....#
#)......# #.......## ....#
#.......# #.......## ....#
#.......# #.......## ....#
#[......# #.......## ....#
#####...# ##########


You could see an orc warrior, an orc priest, an orc wizard and an orc.

Vanquished Creatures
  Prince Ribbit (D:5)
  A yak (D:7)
  A human (D:7)
  Eustachio (D:5)
  A hippogriff (D:7)
  Edmund (D:5)
  2 orc warriors
  2 phantoms
  2 ice beasts (D:8)
  4 ogres
  A centaur (D:3)
  A gnoll sergeant (D:8)
  A scorpion (D:7)
  A howler monkey (D:4)
  2 crimson imps
  A giant frog zombie (D:7)
  2 centaur skeletons (D:5)
  A jelly (D:5)
  2 orc wizards
  An orc priest (D:6)
  A giant frog skeleton (D:4)
  2 hounds
  An iguana (D:4)
  6 worker ants
  3 sheep (D:7)
  A killer bee zombie (D:6)
  A hound skeleton (D:4)
  A howler monkey skeleton (D:4)
  2 worker ant zombies
  9 adders
  10 gnolls
  An adder skeleton (D:8)
  5 worms
  A dart slug (D:4)
  5 giant geckos
  14 orcs
  4 giant cockroaches
  10 goblins
  6 hobgoblins
  17 jackals
  A quokka (D:8)
  A ball python (D:4)
  6 bats
  A giant cockroach zombie (D:5)
  A giant gecko zombie (D:3)
  5 giant newts
  A jackal skeleton (D:8)
  5 kobolds
  A quokka skeleton (D:4)
  7 rats
158 creatures vanquished.

Notes
Turn   | Place    | Note
--------------------------------------------------------------
     0 | D:1      | Ijustatesigmund the Troll Hunter began the quest for the Orb.
     0 | D:1      | Reached XP level 1. HP: 19/19 MP: 0/0
   353 | D:1      | Reached skill level 1 in Unarmed Combat
   356 | D:1      | Reached XP level 2. HP: 22/28 MP: 1/1
   893 | D:2      | Reached XP level 3. HP: 35/35 MP: 2/2
  1034 | D:2      | Reached skill level 2 in Unarmed Combat
  1557 | D:3      | Reached XP level 4. HP: 44/44 MP: 3/3
  1713 | D:3      | Noticed a centaur
  1723 | D:3      | Killed a centaur
  1723 | D:3      | Reached skill level 3 in Unarmed Combat
  1723 | D:3      | Reached XP level 5. HP: 23/53 MP: 4/4
  2215 | D:4      | Noticed an ogre
  2217 | D:4      | Killed an ogre
  2217 | D:4      | Reached skill level 4 in Unarmed Combat
  2217 | D:4      | Reached XP level 6. HP: 62/62 MP: 5/5
  2390 | D:4      | Reached XP level 7. HP: 68/71 MP: 6/6
  2408 | D:4      | Reached skill level 5 in Unarmed Combat
  2528 | D:4      | Found Dubi's Antique Weapon Shop.
  2695 | D:4      | Found a burning altar of Makhleb.
  2853 | D:5      | Entered Level 5 of the Dungeon
  2888 | D:5      | Noticed Eustachio
  2913 | D:5      | Killed Eustachio
  2913 | D:5      | Reached skill level 5 in Fighting
  3008 | D:5      | Noticed Edmund
  3034 | D:5      | Killed Edmund
  3034 | D:5      | Reached XP level 8. HP: 15/80 MP: 0/7
  3038 | D:5      | Reached skill level 6 in Unarmed Combat
  3083 | D:5      | Reached skill level 5 in Throwing
  3339 | D:5      | Noticed Prince Ribbit
  3351 | D:5      | Killed Prince Ribbit
  3506 | D:5      | Found an ancient bone altar of Kikubaaqudgha.
  3507 | D:5      | Found a sacrificial altar of Ru.
  3552 | D:5      | Found a staircase to the Ecumenical Temple.
  3556 | Temple   | Entered the Ecumenical Temple
  3889 | D:6      | Found a stormy altar of Qazlal.
  3905 | D:6      | Reached skill level 7 in Unarmed Combat
  4144 | D:6      | Found a glowing golden altar of the Shining One.
  4961 | D:7      | Found a sparkling altar of Nemelex Xobeh.
  5149 | D:7      | Reached XP level 9. HP: 71/92 MP: 5/8
  5155 | D:7      | Reached skill level 8 in Unarmed Combat
  5871 | D:8      | Noticed zkyp's ghost (novice FoVM)
  6029 | D:8      | Found a snail-covered altar of Cheibriados.
  6068 | D:8      | Reached skill level 9 in Unarmed Combat
  6241 | D:8      | Noticed a brown ugly thing
  6281 | D:7      | HP: 6/139 [orc warrior/glaive (16)]
  6283 | D:7      | Slain by an orc warrior

Skill      XL: |  1  2  3  4  5  6  7  8  9 |
---------------+----------------------------+-----
Unarmed Combat | 1 2 3 4 5 7 9 |  9.0
Fighting       | 2 3 4 5 6 7 |  7.6
Throwing       | 4 5 |  5.0
Dodging        | |  1.5
Stealth        | |  0.4

Action                   |  1- 3 |  4- 6 |  7- 9 || total
-------------------------+-------+-------+-------++-------
Melee: Unarmed           |    98 |    79 |   326 ||   503
       Punch             |       |     2 |    10 ||    12
Throw: Large rock        |       |     2 |    29 ||    31
       Throwing net      |       |       |     4 ||     4
  Use: Scroll            |     7 |     2 |    10 ||    19
       Potion            |       |       |     3 ||     3
 Stab: Sleeping          |     1 |       |     1 ||     2
       Distracted        |       |       |     1 ||     1
  Eat: Chunk             |    20 |     7 |    31 ||    58
Armor: Robe              |    44 |    21 |    97 ||   162
Dodge: Dodged            |    39 |    44 |   152 ||   235
